 Dungeon Crawl Stone Soup version 0.23.2-1-ga50397a (webtiles) character file.

Game seed: 9491583948445831410

14098 whitewolfNL the Fighter (level 11, -8/104 HPs)
             Began as a Minotaur Berserker on May 15, 2019.
             Was a High Priest of Trog.
             Mangled by a fire elemental (12 damage)
             ... summoned by a deep elf mage
             ... on level 2 of the Orcish Mines.
             The game lasted 00:48:54 (9579 turns).

whitewolfNL the Fighter (Minotaur Berserker)        Turns: 9579, Time: 00:48:55

Health: -8/104     AC: 15    Str: 21    XL:     11   Next: 84%
Magic:  0/4        EV: 13    Int:  4    God:    Trog [*****.]
Gold:   293        SH:  0    Dex: 14    Spells: 10/10 levels left

rFire    . . .     SeeInvis .   J - +2 battleaxe (antimagic)
rCold    + . .     Gourm    .   (shield currently unavailable)
rNeg     . . .     Faith    .   B - +2 chain mail {rC+}
rPois    .         Spirit   +   (helmet restricted)
rElec    .         Reflect  .   n - scarf {Spirit}
rCorr    .         Harm     .   (no gloves)
MR       .....     Rnd*Tele +   (no boots)
Stlth    ..........             o - amulet of the acrobat
HPRegen  0.27/turn              (no ring)
MPRegen  0.09/turn              (no ring)

@: no status effects
A: retaliatory headbutt, horns 2, yellow scales 1, teleportitis 1
a: Berserk, Trog's Hand, Brothers in Arms, Renounce Religion


You were on level 2 of the Orcish Mines.
You worshipped Trog.
Trog was extremely pleased with you.
You were not hungry.

You visited 2 branches of the dungeon, and saw 12 of its levels.

You collected 469 gold pieces.
You spent 176 gold pieces at shops.

Inventory:

Hand Weapons
 z - a +0 flail of protection
 J - a +2 antimagic battleaxe (weapon)
Missiles
 a - 182 arrows
 g - 261 stones (quivered)
 i - 84 poisoned needles
 m - 26 bolts
 q - 7 curare-tipped needles
 r - 47 sling bullets
 D - 7 javelins of penetration
 F - 3 tomahawks
Armour
 n - a scarf of spirit shield (worn)
 u - a +0 plate armour
 w - a +0 buckler
 B - a +2 chain mail of cold resistance (worn)
Jewellery
 o - an amulet of the acrobat (around neck)
Wands
 A - a wand of digging (13)
 K - a wand of iceblast (10)
 M - a wand of polymorph (8)
Scrolls
 b - 3 scrolls of remove curse
 d - 3 scrolls of enchant weapon
 h - 2 scrolls of blinking {unknown}
 j - 2 scrolls of random uselessness {unknown}
 k - 3 scrolls of enchant armour
 p - a scroll of acquirement {unknown}
 s - a scroll of brand weapon {unknown}
 t - a scroll of fear {unknown}
 v - 2 scrolls of immolation
 x - 2 scrolls of noise {unknown}
 y - 5 scrolls of teleportation
 E - a scroll of silence {unknown}
 G - a scroll of torment {unknown}
Potions
 e - 2 potions of lignification
 C - 2 potions of brilliance
 H - 2 potions of invisibility
 I - a potion of degeneration {unknown}
Miscellaneous
 L - a phial of floods
Comestibles
 c - 21 rations
 l - 6 chunks of flesh


   Skills:
 * Level 12.1 Fighting
 - Level 12.0 Maces & Flails
 - Level 1.0 Throwing
 + Level 10.9 Armour
 * Level 9.0 Dodging
 - Level 1.0 Stealth
 - Level 4.0 Shields
 - Level 4.0 Evocations


You had 10 spell levels left.
You didn't know any spells.
Your spell library was empty.

Dungeon Overview and Level Annotations

Branches:
Dungeon (10/15)            Temple (0/1) D:7            Lair (0/6) D:9
    Orc (2/2) D:10
    Elf: Orc:2

Altars:
Dithmenos
Fedhas
Gozag
Hepliaklqana
Kikubaaqudgha
Makhleb
Nemelex Xobeh
Okawaru
Qazlal
Trog
Uskayaw
Xom
Zin

Shops:
D:7 }   D:9 (   D:10 *(   Orc:1 [


Innate Abilities, Weirdness & Mutations

You reflexively headbutt those who attack you in melee.
You have a pair of horns on your head.
You are partially covered in yellow scales. (AC +2)
You are occasionally teleported next to monsters.


Message History

[Y]es or [N]o only, please.
Keep disrobing?
You continue taking off your +0 buckler.
You block the fire elemental's attack.
You continue taking off your +0 buckler.
You block the fire elemental's attack. The fire elemental closely misses you.
You continue taking off your +0 buckler.
The fire elemental hits you. The fire elemental burns you!
* * * LOW HITPOINT WARNING * * *
You finish taking off your +0 buckler.
Your +0 flail of protection goes still.
You feel magic leave you.
J - a +2 antimagic battleaxe (weapon)
The fire elemental hits you.
* * * LOW HITPOINT WARNING * * *
The fire elemental burns you!
* * * LOW HITPOINT WARNING * * *
You slice the fire elemental!!
The fire elemental is heavily damaged.
The fire elemental hits you. The fire elemental burns you!
You die...

##.... ##.......
##........
##.........
##..$.....#
#.........#
#......#### ###.
#.E.......###.#..
#@#○.......#.....
###..............
###E...........
#..☼○.........
###..°.......#
#...<....#
##.......# #
#.......##.
.........$.##


You could see a fire elemental.

Vanquished Creatures
  7 deep elf magi
  A gargoyle (D:10)
  A kobold demonologist (D:9)
  The ghost of poxu the Shield-Bearer, an amateur MiFi (D:6)
  3 trolls
  Prince Ribbit (D:7)
  A wraith (D:6)
  A wyvern (D:8)
  5 yaks (D:10)
  A steam dragon (D:10)
  2 wargs
  Menkaure (D:5)
  Duvessa (D:6)
  2 water moccasins
  2 sky beasts
  3 black bears
  8 orc warriors
  3 ice beasts
  4 phantoms
  6 necrophages
  9 ogres
  6 centaurs
  18 big kobolds
  6 bullfrogs
  A gnoll sergeant (D:9)
  Dowan (D:6)
  5 scorpions
  A water moccasin skeleton (D:4)
  4 killer bees (D:10)
  7 wights (D:6)
  7 howler monkeys
  3 bullfrog zombies
  2 crimson imps (D:9)
  A centaur zombie (D:6)
  2 centaur skeletons
  3 jellies
  2 hounds
  6 orc priests
  5 bullfrog skeletons
  6 orc wizards
  2 iguanas
  Ijyb (D:5)
  8 worker ants
  A hound zombie (D:9)
  2 hound skeletons
  Robin (D:2)
  5 gnolls (D:9)
  13 adders
  4 shadow imps
  2 oozes
  An adder zombie (D:8)
  An adder skeleton (D:5)
  3 worms
  3 dart slugs
  6 leopard geckos
  31 orcs
  A ball python (D:1)
  7 bats
  6 giant cockroaches
  8 hobgoblins
  9 jackals
  27 kobolds
  6 quokkas
  A ball python zombie (D:6)
  2 frilled lizards
  16 goblins
  2 leopard gecko skeletons
  10 rats
  A bush (D:7)
329 creatures vanquished.

Vanquished Creatures (others)
  4 plants (D:7)
4 creatures vanquished.

Grand Total: 333 creatures vanquished

Notes
Turn   | Place    | Note
-------+----------+-------------------------------------------
     0 | D:1      | whitewolfNL the Minotaur Berserker began the quest for the
                  | Orb.
     0 | D:1      | Reached XP level 1. HP: 19/19 MP: 0/0
    77 | D:1      | Reached XP level 2. HP: 27/27 MP: 1/1
   737 | D:1      | Reached XP level 3. HP: 33/33 MP: 2/2
   858 | D:1      | Reached ** piety under Trog
  1457 | D:2      | Noticed Robin
  1471 | D:2      | Reached skill level 1 in Throwing
  1471 | D:2      | Reached XP level 4. HP: 41/41 MP: 3/3
  1481 | D:2      | Killed Robin
  1485 | D:2      | Reached skill level 1 in Stealth
  1967 | D:2      | Reached skill level 5 in Maces & Flails
  1972 | D:2      | Reached XP level 5. HP: 42/47 MP: 4/4
  2193 | D:2      | Found a bloodstained altar of Trog.
  2193 | D:2      | Found a stormy altar of Qazlal.
  2194 | D:2      | Found an ancient bone altar of Kikubaaqudgha.
  2335 | D:3      | Found a shadowy altar of Dithmenos.
  2465 | D:3      | Found a hide-covered altar of Uskayaw.
  2674 | D:3      | Reached *** piety under Trog
  2698 | D:3      | Found a hazy altar of Hepliaklqana.
  3135 | D:4      | Reached XP level 6. HP: 55/55 MP: 5/5
  3260 | D:4      | Reached skill level 5 in Fighting
  3718 | D:5      | Entered Level 5 of the Dungeon
  3736 | D:5      | Reached XP level 7. HP: 53/61 MP: 4/6
  3763 | D:5      | Found a sparkling altar of Nemelex Xobeh.
  3804 | D:5      | Noticed Menkaure
  3813 | D:5      | Killed Menkaure
  3841 | D:5      | Reached skill level 5 in Armour
  3915 | D:5      | Found an iron altar of Okawaru.
  4019 | D:5      | Reached XP level 8. HP: 31/70 MP: 3/7
  4070 | D:5      | Noticed Ijyb
  4076 | D:5      | Killed Ijyb
  4086 | D:5      | Found a shimmering altar of Xom.
  4086 | D:5      | Found a shimmering altar of Xom.
  4086 | D:5      | Found a shimmering altar of Xom.
  4171 | D:5      | Reached **** piety under Trog
  4283 | D:5      | Found a shimmering altar of Xom.
  4285 | D:5      | Found a shimmering altar of Xom.
  4837 | D:6      | Reached skill level 1 in Evocations
  5103 | D:6      | Noticed poxu's ghost (amateur MiFi)
  5106 | D:6      | Found a transporter.
  5155 | D:6      | Reached XP level 9. HP: 79/79 MP: 9/9
  5174 | D:6      | Reached skill level 5 in Dodging
  5203 | D:6      | Found an opulent altar of Gozag.
  5204 | D:6      | Noticed Duvessa
  5205 | D:6      | Noticed Dowan
  5216 | D:6      | Killed Dowan
  5217 | D:6      | Killed Duvessa
  5253 | D:6      | Reached skill level 10 in Maces & Flails
  5339 | D:6      | Found a transporter.
  5387 | D:6      | Found a burning altar of Makhleb.
  5570 | D:6      | Killed poxu's ghost
  5908 | D:7      | Found a staircase to the Ecumenical Temple.
  6029 | D:7      | Found Genar's Gadget Shoppe.
  6068 | D:7      | Reached skill level 1 in Shields
  6078 | D:7      | Noticed Prince Ribbit
  6107 | D:7      | Killed Prince Ribbit
  6412 | D:7      | Found a blossoming altar of Fedhas.
  6445 | D:7      | Reached XP level 10. HP: 88/88 MP: 11/11
  6450 | D:7      | Reached ***** piety under Trog
  6777 | D:8      | Received a gift from Trog
  6858 | D:8      | Found a glowing silver altar of Zin.
  7830 | D:9      | Received a gift from Trog
  7877 | D:9      | Found Jympuunn's Weapon Shop.
  7932 | D:9      | Found a staircase to the Lair.
  8061 | D:9      | Reached XP level 11. HP: 96/97 MP: 11/13
  8390 | D:10     | Entered Level 10 of the Dungeon
  8629 | D:10     | Found Yninn's Changing Room.
  8700 | D:10     | Bought a potion of mutation for 88 gold pieces
  8700 | D:10     | Gained mutation: Your magical capacity is low. (-10% MP)
                  | [potion of mutation]
  8700 | D:10     | Gained mutation: You do not regenerate when monsters are
                  | visible. [potion of mutation]
  8700 | D:10     | Lost mutation: Your magical capacity is low. (-10% MP)
                  | [potion of mutation]
  8700 | D:10     | Gained mutation: Your muscles are strong. (Str +2) [potion
                  | of mutation]
  8701 | D:10     | Bought a potion of mutation for 88 gold pieces
  8701 | D:10     | Lost mutation: Your muscles are strong. (Str +2) [potion of
                  | mutation]
  8701 | D:10     | Gained mutation: You are weak. (Str -2) [potion of
                  | mutation]
  8701 | D:10     | Gained mutation: Your flesh is heat resistant. (rF+)
                  | [potion of mutation]
  8790 | D:10     | Reached skill level 10 in Fighting
  8808 | D:10     | Reached skill level 10 in Armour
  8872 | D:10     | Found Vaufimiq's Weapon Boutique.
  8882 | D:10     | Found a staircase to the Orcish Mines.
  8931 | D:10     | Lost mutation: You do not regenerate when monsters are
                  | visible. [potion of mutation]
  8931 | D:10     | Lost mutation: You are weak. (Str -2) [potion of mutation]
  8931 | D:10     | Lost mutation: Your flesh is heat resistant. (rF+) [potion
                  | of mutation]
  8931 | D:10     | Gained mutation: You are occasionally teleported next to
                  | monsters. [potion of mutation]
  8931 | D:10     | Gained mutation: You are partially covered in yellow
                  | scales. (AC +2) [potion of mutation]
  9361 | Orc:1    | Entered Level 1 of the Orcish Mines
  9437 | Orc:2    | Entered Level 2 of the Orcish Mines
  9437 | Orc:2    | Noticed a deep elf mage
  9437 | Orc:2    | Noticed a deep elf mage
  9437 | Orc:2    | Noticed a deep elf mage
  9437 | Orc:2    | Noticed a deep elf mage
  9437 | Orc:2    | Noticed a deep elf mage
  9437 | Orc:2    | Noticed a deep elf mage
  9438 | Orc:2    | Noticed a deep elf mage
  9438 | Orc:2    | Noticed a deep elf mage
  9438 | Orc:2    | Noticed a deep elf mage
  9438 | Orc:2    | Noticed a deep elf mage
  9447 | Orc:2    | Killed a deep elf mage
  9452 | Orc:2    | Killed a deep elf mage
  9456 | Orc:2    | Killed a deep elf mage
  9460 | Orc:2    | Killed a deep elf mage
  9463 | Orc:2    | Killed a deep elf mage
  9476 | Orc:2    | Killed a deep elf mage
  9487 | Orc:1    | Killed a deep elf mage
  9548 | Orc:1    | Found Pacutune's Antique Armour Emporium.
  9578 | Orc:2    | HP: 4/104 [fire elemental[a deep elf mage] (5)]
  9579 | Orc:2    | Mangled by a fire elemental

Skill      XL: |  1  2  3  4  5  6  7  8  9 10 11 |
---------------+----------------------------------+-----
Maces & Flails | 4 5 6 8 9 11 12 | 12.0
Fighting       | 4 5 6 7 8 9 12 | 12.1
Throwing       | 1 |  1.0
Stealth        | 1 |  1.0
Dodging        | 3 4 6 7 9 |  9.0
Armour         | 3 4 5 7 8 9 10 | 10.9
Evocations     | 2 3 4 |  4.0
Shields        | 1 4 |  4.0

Action                   |  1- 3 |  4- 6 |  7- 9 | 10-12 || total
-------------------------+-------+-------+-------+-------++-------
Melee: Mace              |    70 |    82 |       |       ||   152
       Headbutt          |     7 |    17 |    79 |   109 ||   212
       Flail             |       |    52 |   309 |   477 ||   838
       Whip              |       |       |    14 |       ||    14
       Battleaxe         |       |       |       |     1 ||     1
Invok: Berserk           |     4 |     2 |    13 |    16 ||    35
  Use: Scroll            |       |     2 |     6 |     3 ||    11
       Potion            |       |       |     4 |     4 ||     8
 Stab: Sleeping          |     1 |       |       |       ||     1
  Eat: Chunk             |     4 |    10 |    16 |    28 ||    58
       Ration            |       |       |     1 |       ||     1
Armor: Animal skin       |    11 |       |       |       ||    11
       Ring mail         |    13 |    39 |       |       ||    52
       Chain mail        |       |    10 |   159 |   204 ||   373
Dodge: Dodged            |    56 |    89 |   153 |   289 ||   587
Block: Buckler           |       |       |    10 |    99 ||   109
